 Dungeon Crawl Stone Soup version 0.30-a0-123-g91d0c66ccf (webtiles) character file.

Game seed: 17261344732811950244

7 jlumianski the Chopper (level 2, 0/17 HPs)
             Began as a Gargoyle Gladiator on Sept 18, 2022.
             Slain by a gnoll
             ... wielding a +0 spear
              (2 damage)
             ... on level 1 of the Dungeon.
             The game lasted 00:00:50 (494 turns).

jlumianski the Chopper (Gargoyle Gladiator)          Turns: 494, Time: 00:00:51

Health: 0/17       AC:  6    Str: 17    XL:     2   Next: 4%
Magic:  2/2        EV: 12    Int:  8    God:
Gold:   26         SH:  0    Dex: 11    Spells: 1/1 levels left

rFire   . . .      SeeInvis .    a - +0 war axe
rCold   . . .      Faith    .    (no shield)
rNeg    + . .      Spirit   .    b - +0 leather armour
rPois   ∞          Reflect  .    c - +0 helmet
rElec   +          Harm     .    (no cloak)
rCorr   .          Rampage  .    (no gloves)
Will    .....                    (no boots)
Stlth   +.........               (no amulet)
HPRegen 0.05/turn                (no ring)
MPRegen 0.08/turn                (no ring)

@: no status effects
A: sickness immunity, AC +2, negative energy resistance 1, electricity
resistance, torment resistance 1, petrification resistance
a: no special abilities


You were on level 1 of the Dungeon.
You visited 1 branch of the dungeon, and saw 1 of its levels.

You collected 26 gold pieces.

Inventory:

Hand Weapons
 a - a +0 war axe (weapon)
Missiles
 d - 3 throwing nets (quivered)
Armour
 b - a +0 leather armour (worn)
 c - a +0 helmet (worn)
 i - a +0 pair of gloves
Scrolls
 f - a scroll of identify {unknown}
 h - 2 scrolls of teleportation {unknown}
Potions
 g - a potion of curing {unknown}


   Skills:
 + Level 2.2 Fighting
 + Level 2.9 Axes
 + Level 1.8 Throwing
 + Level 0.6 Armour
 + Level 2.5 Dodging


You had one spell level left.
You didn't know any spells.
Your spell library was empty.

Dungeon Overview and Level Annotations

Branches:
Dungeon (1/15)

Altars:


Innate Abilities, Weirdness & Mutations

You are immune to sickness and miasma.
Your stone body is resilient. (AC +2)
You are immune to poison.
You resist negative energy. (rN+)
You are resistant to electric shocks. (rElec)
You are resistant to unholy torment.
You are immune to petrification.


Message History

You kill the jackal!
The jackal barely misses you.
Throw: javelin
Press: ? - help, Q - select action, (/) - cycle Shift-Dir - straight line, f - jackal
Aim: a jackal (47% to hit)
You throw a javelin. The javelin barely misses the jackal.
The javelin pierces through the jackal.
You kill the jackal!
The javelin closely misses the gnoll.
The jackal barely misses you.
You barely miss the jackal. The jackal barely misses you.
The gnoll hits you but does no damage. The jackal closely misses you.
The gnoll hits you but does no damage.
You slash the jackal!
You kill the jackal!
The gnoll hits you but does no damage.
You have reached level 2!
The gnoll hits you with a +0 spear.
You hit the gnoll.
The gnoll is moderately wounded.
The gnoll hits you but does no damage.
You hit the gnoll but do no damage.
The gnoll is moderately wounded.
The gnoll misses you. The gnoll completely misses you.
You closely miss the gnoll.
The gnoll is moderately wounded.
The gnoll closely misses you.
You hit the gnoll.
The gnoll is severely wounded.
The gnoll hits you with a +0 spear.
You barely miss the gnoll.
The gnoll is severely wounded.
The gnoll hits you with a +0 spear.
* * * LOW HITPOINT WARNING * * *
The gnoll hits you with a +0 spear.
* * * LOW HITPOINT WARNING * * *
You barely miss the gnoll.
The gnoll is severely wounded.
The gnoll hits you with a +0 spear.
You die...

#..........###
#....g.......# #
#............##.
#.########.........
......#............
........h##........
#.................
#####..#######...#
#(.g@..# ...# #.####.#
..# #.#..#.# #... #..
..#....###...##.###
########.#...+....#.#..
#...####.##.##....#.#.###
#.........#.##....#.#.#..
###.####..#.# ...#.#.#.#
#.#.....#.## #.#.#.#.#


You could see a gnoll.

Vanquished Creatures
  A goblin (D:1)
  3 jackals (D:1)
  A quokka (D:1)
  A bat (D:1)
6 creatures vanquished.

Notes
Turn   | Place    | Note
-------+----------+-------------------------------------------
     0 | D:1      | jlumianski the Gargoyle Gladiator began the quest for the
                  | Orb.
     0 | D:1      | Reached XP level 1. HP: 12/12 MP: 1/1
   488 | D:1      | Reached XP level 2. HP: 11/17 MP: 2/2
   494 | D:1      | Slain by a gnoll

Illustrated notes

Levels and vault maps discovered:
D:1:      matt_arrival_refuge, layout_basic,
          shapermc_ecumenical_altar_mp_vishouse, dreamdust_mushroom_princess,
          minmay_tripent

Action                   || total
-------------------------++-------
Melee: War axe           ||    28
Throw: Javelin           ||     1
Armor: Leather armour    ||    22
Dodge: Dodged            ||    24

Table legend: (Time is in decaauts)
 A = Elapsed time spent in this place.
 B = Non-inter-level travel time spent in this place.
 C = Inter-level travel time spent in this place.
 D = Time resting spent in this place.
 E = Time spent auto-exploring this place.
 F = Levels seen in this place.
 G = Mean time per level.
                   A        B        C        D        E       F      G
               +--------+--------+--------+--------+--------+-----+--------+
         Total |    504 |    504 |      0 |    119 |    267 |   1 |  504.0 |
       Dungeon |    504 |    504 |      0 |    119 |    267 |   1 |  504.0 |
               +--------+--------+--------+--------+--------+-----+--------+

Top non-repeatable levels by time:
     D:1: 504 daAuts
